 Dungeon Crawl Stone Soup version 0.30.0-10-gfe55d96785 (webtiles) character file.

Game seed: 1780079700287073427

1593 qw the Cleaver (level 8, 1/1 HPs)
             Began as a Gargoyle Cinder Acolyte on May 17, 2023.
             Was a Priest of Ignis.
             Quit the game on level 5 of the Dungeon.
             The game lasted 00:49:08 (32884 turns).

qw the Cleaver (Gargoyle Cinder Acolyte)           Turns: 32884, Time: 00:49:08

Health: 1/1        AC: 14    Str: 25 (26) XL:     8   Next: 93%
Magic:  9/9        EV:  8    Int: 14 (15) God:    Ignis [***...]
Gold:   836        SH:  0    Dex:  5      Spells: 9/9 levels left

rFire   + . .        r - +0 war axe (spect)
rCold   . . .        (no shield)
rNeg    + . .        q - +0 chain mail
rPois   inf          (no helmet)
rElec   +            (no cloak)
rCorr   .            (no gloves)
SInv    .            (no boots)
Will    +....        (no amulet) Stlth
                     i - ring of willpower
HPRegen 0.20/turn    n - +6 ring of strength
MPRegen 0.11/turn

%: no passive effects
@: no status effects
A: sickness immunity, AC +5, negative energy resistance 1, electricity
resistance, torment resistance 1, petrification resistance
a: Renounce Religion, Fiery Armour, Foxfire Swarm, Rising Flame


You were on level 5 of the Dungeon.
You worshipped Ignis.
Ignis was most pleased with you.
You visited 1 branch of the dungeon, and saw 8 of its levels.

You collected 927 gold pieces.
You spent 91 gold pieces at shops.


Innate Abilities, Weirdness & Mutations

You are immune to sickness and miasma.
Your stone body is resilient. (AC +5)
You are immune to poison.
You resist negative energy. (rN+)
You are resistant to electric shocks. (rElec)
You are resistant to unholy torment.
You are immune to petrification.


   Skills:
 - Level 6.2 Fighting
 + Level 8.8 Axes
 - Level 1.4 Throwing
 - Level 3.1 Armour
 - Level 1.0 Spellcasting
 - Level 3.0 Fire Magic


You had 9 spell levels left.
You didn't know any spells.
Your spell library contained the following spells:

 Spells                   Type           Power      Damage    Failure   Level
 Scorch                   Fire           18%        2d6       52%         2

Inventory:

Hand Weapons
 k - a +0 flail
 r - a +0 spectral war axe (weapon)
Missiles
 o - a boomerang (quivered)
Armour
 q - a +0 chain mail (worn)
Jewellery
 i - a ring of willpower (left hand)
 j - a ring of ice
 n - a +6 ring of strength (right hand)
Scrolls
 a - 4 scrolls of teleportation
 p - a scroll of identify
Potions
 b - 2 potions of cancellation
 c - a potion of berserk rage {unknown}
 d - a potion of flight {unknown}
 e - a potion of haste {unknown}
 f - a potion of resistance
 g - a potion of curing
 h - a potion of ambrosia {unknown}
 l - a potion of lignification {unknown}
 m - a potion of heal wounds {unknown}

Dungeon Overview and Level Annotations

Branches:
Dungeon (8/15)             Temple (0/1) D:6
   Lair: D:8-11

Altars:

Shops:
D:7 (


Message History

Where to? (* - list waypoints, Enter - D:5, ? - help)
What level of the Dungeon? (default 1, ? - help)
You climb upwards.
There is a stone staircase leading down here.
You climb downwards.
There is a stone staircase leading up here.
(D) Dungeon (T) Temple
Where to? (* - list waypoints, Enter - D:5, ? - help)
What level of the Dungeon? (default 1, ? - help)
You climb upwards.
There is a stone staircase leading down here.
You climb downwards.
There is a stone staircase leading up here.
(D) Dungeon (T) Temple
Where to? (* - list waypoints, Enter - D:5, ? - help)
What level of the Dungeon? (default 1, ? - help)
You climb upwards.
There is a stone staircase leading down here.
You climb downwards.
There is a stone staircase leading up here.
(D) Dungeon (T) Temple
Where to? (* - list waypoints, Enter - D:5, ? - help)
What level of the Dungeon? (default 1, ? - help)
You climb upwards.
There is a stone staircase leading down here.
You climb downwards.
There is a stone staircase leading up here.
(D) Dungeon (T) Temple
Where to? (* - list waypoints, Enter - D:5, ? - help)
What level of the Dungeon? (default 1, ? - help)
You climb upwards.
There is a stone staircase leading down here.
You climb downwards.
There is a stone staircase leading up here.
(D) Dungeon (T) Temple
Where to? (* - list waypoints, Enter - D:5, ? - help)
What level of the Dungeon? (default 1, ? - help)
You climb upwards.
Zot's power touches on you...
HP restored.
There is a stone staircase leading down here.
Are you sure you want to abandon this character and quit the game? (Confirm with "yes".)

###...........##...##...)## #...
#.....<.......###.##......###...
#.#...........# ###........#####
##...#.....#...# #........##...
#...###...###..# #....%...#..##
#.#..#.....#..## #........##.#
#.##.........## ##......###.##
#.###...:##..#########.)..##
#..# #..#.....#..)...@....##''##
##.. ##...#.....#..######..#..#
### #..###...###.# ##....#
##..#..#..#..# ######
##...###...## ##### #####


There were no monsters in sight!

Vanquished Creatures
  A steam dragon (D:5)
  2 water moccasins
  A sky beast (D:7)
  An ice beast (D:5)
  2 black bears (D:6)
  A phantom (D:6)
  Blork the orc (D:5)
  A gnoll sergeant (D:6)
  A scorpion (D:5)
  A howler monkey (D:6)
  4 hounds
  An orc priest (D:4)
  2 jellies (D:6)
  2 iguanas
  2 sleepcaps
  An orc wizard (D:6)
  10 adders
  5 gnolls (D:6)
  A white imp (D:5)
  2 ufetubi
  3 worms
  A dart slug (D:2)
  11 orcs
  6 ball pythons
  6 endoplasms
  A giant cockroach (D:4)
  5 goblins
  7 hobgoblins
  13 jackals
  8 kobolds
  3 quokkas
  6 bats
  A frilled lizard (D:2)
  13 rats
126 creatures vanquished.

Notes
Turn   | Place    | Note
-------+----------+-------------------------------------------
     0 | D:1      | qw the Gargoyle Cinder Acolyte began the quest for the Orb.
     0 | D:1      | Reached XP level 1. HP: 14/14 MP: 2/2
     0 | D:1      | 0 ||| qw: Version: 0.2-a-95-g4c1bab1
     0 | D:1      | 0 ||| qw: Game counter: 83
     0 | D:1      | 0 ||| qw: Always use a shield: true
     0 | D:1      | 0 ||| qw: God list: Okawaru
     0 | D:1      | 0 ||| qw: Allow faded altars: false
     0 | D:1      | 0 ||| qw: Do Orc after D:15 true
     0 | D:1      | 0 ||| qw: Do second Lair branch before Depths: true
     0 | D:1      | 0 ||| qw: Lair rune preference: random
     0 | D:1      | 0 ||| qw: Plans: Normal
     0 | D:1      | 0 ||| PLANNING D:1-11
    39 | D:1      | 39 ||| Stepping ~*~*~tactically~*~*~ (stealth).
    41 | D:1      | 41 ||| Stepping ~*~*~tactically~*~*~ (stealth).
    60 | D:1      | Reached skill level 3 in Axes
    67 | D:1      | Reached XP level 2. HP: 19/19 MP: 3/3
   201 | D:1      | 201 ||| Stepping ~*~*~tactically~*~*~ (hiding).
   300 | D:1      | 300 ||| Stepping ~*~*~tactically~*~*~ (stealth).
   301 | D:1      | 301 ||| Stepping ~*~*~tactically~*~*~ (stealth).
   327 | D:1      | 327 ||| INVOKING Fiery Armour.
   444 | D:1      | Reached XP level 3. HP: 23/23 MP: 4/4
   451 | D:1      | 451 ||| Stepping ~*~*~tactically~*~*~ (stealth).
   452 | D:1      | 452 ||| Stepping ~*~*~tactically~*~*~ (stealth).
   735 | D:1      | Found a faded altar of an unknown god.
   868 | D:1      | 868 ||| UPGRADING to +0 leather armour.
   878 | D:1      | 878 ||| DROPPING +0 robe.
   879 | D:1      | 879 ||| READING 2 scrolls labelled SEIPETT UNTIRI.
   884 | D:1      | 884 ||| READING scroll labelled LOVUEN US ABER.
   885 | D:1      | 885 ||| READING scroll labelled SOOCUE LIEVUFI.
  1009 | D:2      | Reached skill level 4 in Axes
  1098 | D:2      | 1098 ||| Stepping ~*~*~tactically~*~*~ (stealth).
  1271 | D:2      | Reached XP level 4. HP: 28/28 MP: 5/5
  1624 | D:2      | 1624 ||| UPGRADING to +0 scale mail.
  1634 | D:2      | 1634 ||| DROPPING +0 leather armour.
  1635 | D:2      | 1635 ||| READING scroll labelled HUWIUTH YRROGE.
  1982 | D:3      | 1982 ||| Stepping ~*~*~tactically~*~*~ (stealth).
  1983 | D:3      | 1983 ||| Stepping ~*~*~tactically~*~*~ (stealth).
  1989 | D:3      | Reached skill level 1 in Armour
  2500 | D:3      | 2500 ||| Stepping ~*~*~tactically~*~*~ (hiding).
  2501 | D:3      | 2501 ||| Stepping ~*~*~tactically~*~*~ (hiding).
  2502 | D:3      | 2502 ||| Stepping ~*~*~tactically~*~*~ (hiding).
  2615 | D:3      | 2615 ||| DROPPING scarf of invisibility.
  2616 | D:3      | 2616 ||| READING scroll labelled ATEUXI DUQESMO.
  2617 | D:3      | 2617 ||| READING scroll labelled PODESIYNEE.
  2618 | D:3      | 2618 ||| READING scroll labelled GEONUZXOQI.
  2619 | D:3      | 2619 ||| READING scroll labelled TAKKYO KEIN.
  2620 | D:3      | 2620 ||| DRINKING 2 lumpy orange potions.
  2621 | D:3      | 2621 ||| DROPPING potion of brilliance.
  2898 | D:4      | Reached XP level 5. HP: 32/32 MP: 6/6
  2908 | D:4      | Reached skill level 5 in Axes
  3018 | D:4      | 3018 ||| Stepping ~*~*~tactically~*~*~ (stealth).
  3417 | D:4      | 3417 ||| Stepping ~*~*~tactically~*~*~ (stealth).
  3422 | D:4      | Reached XP level 6. HP: 38/38 MP: 7/7
  3451 | D:4      | 3451 ||| Stepping ~*~*~tactically~*~*~ (hiding).
  3452 | D:4      | 3452 ||| Stepping ~*~*~tactically~*~*~ (hiding).
  3571 | D:4      | 3571 ||| SWAPPING to +0 war axe.
  3572 | D:4      | 3572 ||| DROPPING +0 hand axe of freezing.
  3575 | D:4      | 3575 ||| UPGRADING to ring of willpower.
  3576 | D:4      | 3576 ||| UPGRADING to +6 ring of strength.
  3577 | D:4      | 3577 ||| READING 2 scrolls labelled SIEHEORE IKKYK.
  3578 | D:4      | 3578 ||| DRINKING 2 amethyst potions.
  3586 | D:5      | Entered Level 5 of the Dungeon
  3586 | D:5      | You fall into a shaft and drop 3 floors!
  3596 | D:7      | Found Joel's Antique Weapon Boutique.
  3598 | D:7      | Noticed a sky beast
  3599 | D:7      | 3599 ||| BUYING flail (91 gold).
  3599 | D:7      | Bought a flail for 91 gold pieces
  3603 | D:7      | 3603 ||| DROPPING +0 club.
  3622 | D:7      | 3622 ||| INVOKING Fiery Armour.
  3625 | D:7      | Killed a sky beast
  3626 | D:7      | Reached skill level 6 in Axes
  3725 | D:6      | Noticed a black bear
  3732 | D:6      | Killed a black bear
  3733 | D:6      | Reached XP level 7. HP: 43/43 MP: 8/8
  3744 | D:6      | 3744 ||| READING scroll of brand weapon.
  3744 | D:6      | 3744 ||| BRANDING +0 war axe.
  3772 | D:6      | Reached skill level 7 in Axes
  3802 | D:6      | 3802 ||| INVOKING Fiery Armour.
  3931 | D:6      | Reached skill level 1 in Throwing
  3978 | D:6      | 3978 ||| INVOKING Fiery Armour.
  3979 | D:6      | Reached XP level 8. HP: 47/49 MP: 9/9
  4289 | D:6      | 4289 ||| UPGRADING to +0 chain mail.
  4299 | D:6      | 4299 ||| DROPPING +0 scale mail.
  4300 | D:6      | 4300 ||| READING scroll labelled PATIXOMUAL.
  4301 | D:6      | 4301 ||| DRINKING 2 blue potions.
  4302 | D:6      | 4302 ||| DROPPING potion of degeneration.
  4322 | D:5      | 4322 ||| Stepping ~*~*~tactically~*~*~ (stealth).
  4361 | D:5      | Reached skill level 3 in Armour
  4541 | D:5      | Reached skill level 8 in Axes
  4594 | D:5      | 4594 ||| DRINKING 2 red potions.
  4769 | D:6      | Found a staircase to the Ecumenical Temple.
  4924 | D:6      | 4924 ||| DRINKING 3 purple potions.
  4941 | D:6      | 4941 ||| STAIRDANCE
  5013 | D:5      | 5013 ||| Stepping ~*~*~tactically~*~*~ (hiding).
  5083 | D:5      | 5083 ||| Stepping ~*~*~tactically~*~*~ (stealth).
  5106 | D:5      | 5106 ||| INVOKING Fiery Armour.
  5107 | D:5      | Reached skill level 6 in Fighting
  5195 | D:5      | Noticed Blork the orc
  5206 | D:5      | Killed Blork the orc
  5308 | D:5      | 5308 ||| Stepping ~*~*~tactically~*~*~ (stealth).
  5309 | D:5      | 5309 ||| Stepping ~*~*~tactically~*~*~ (stealth).
  5559 | D:4      | 5559 ||| Stepping ~*~*~tactically~*~*~ (stealth).
  5562 | D:4      | 5562 ||| Stepping ~*~*~tactically~*~*~ (stealth).
  5639 | D:6      | 5639 ||| STAIRDANCE
  5643 | D:6      | 5643 ||| STAIRDANCE
  5647 | D:6      | 5647 ||| STAIRDANCE
  5651 | D:6      | 5651 ||| STAIRDANCE
  5655 | D:6      | 5655 ||| STAIRDANCE
  5659 | D:6      | 5659 ||| STAIRDANCE
  5663 | D:6      | 5663 ||| STAIRDANCE
  5667 | D:6      | 5667 ||| STAIRDANCE
  5671 | D:6      | 5671 ||| STAIRDANCE
  5675 | D:6      | 5675 ||| STAIRDANCE
  5679 | D:6      | 5679 ||| STAIRDANCE
  5683 | D:6      | 5683 ||| STAIRDANCE
  5687 | D:6      | 5687 ||| STAIRDANCE
  5691 | D:6      | 5691 ||| STAIRDANCE
  5695 | D:6      | 5695 ||| STAIRDANCE
  5699 | D:6      | 5699 ||| STAIRDANCE
  5703 | D:6      | 5703 ||| STAIRDANCE
  5707 | D:6      | 5707 ||| STAIRDANCE
  5711 | D:6      | 5711 ||| STAIRDANCE
 24878 | D:6      | Glimpsed the power of Zot.
 25278 | D:6      | Glimpsed the power of Zot.
 25598 | D:6      | Glimpsed the power of Zot.
 25683 | D:5      | Touched by the power of Zot.
 25684 | D:5      | Glimpsed the power of Zot.
 26084 | D:5      | Glimpsed the power of Zot.
 26404 | D:5      | Glimpsed the power of Zot.
 26483 | D:5      | Touched by the power of Zot.
 26484 | D:5      | Glimpsed the power of Zot.
 26884 | D:5      | Glimpsed the power of Zot.
 27204 | D:5      | Glimpsed the power of Zot.
 27283 | D:5      | Touched by the power of Zot.
 27284 | D:5      | Glimpsed the power of Zot.
 27684 | D:5      | Glimpsed the power of Zot.
 28004 | D:5      | Glimpsed the power of Zot.
 28083 | D:5      | Touched by the power of Zot.
 28084 | D:5      | Glimpsed the power of Zot.
 28484 | D:5      | Glimpsed the power of Zot.
 28804 | D:5      | Glimpsed the power of Zot.
 28883 | D:5      | Touched by the power of Zot.
 28884 | D:5      | Glimpsed the power of Zot.
 29284 | D:5      | Glimpsed the power of Zot.
 29604 | D:5      | Glimpsed the power of Zot.
 29683 | D:5      | Touched by the power of Zot.
 29684 | D:5      | Glimpsed the power of Zot.
 30084 | D:5      | Glimpsed the power of Zot.
 30404 | D:5      | Glimpsed the power of Zot.
 30483 | D:5      | Touched by the power of Zot.
 30484 | D:5      | Glimpsed the power of Zot.
 30884 | D:5      | Glimpsed the power of Zot.
 31204 | D:5      | Glimpsed the power of Zot.
 31283 | D:5      | Touched by the power of Zot.
 31284 | D:5      | Glimpsed the power of Zot.
 31684 | D:5      | Glimpsed the power of Zot.
 32004 | D:5      | Glimpsed the power of Zot.
 32083 | D:5      | Touched by the power of Zot.
 32084 | D:5      | Glimpsed the power of Zot.
 32484 | D:5      | Glimpsed the power of Zot.
 32804 | D:5      | Glimpsed the power of Zot.
 32883 | D:5      | Touched by the power of Zot.
 32884 | D:5      | Quit the game

Levels and vault maps discovered:
D:1:      sevenhm_arrival_forest_fort_small_6, layout_loops_ring,
          shapermc_ecumenical_altar_mp_vishouse, minmay_strange_pillars
D:2:      layout_loops_cross, minmay_rat_gold_closets
D:3:      layout_basic, feat_on_display
D:4:      layout_loops_ring, nicolae_elevator_lobby_asterisk
D:5:      minmay_polygon_palace, layout_rooms, minmay_strange_pillars,
          uniq_blork_the_orc
D:6:      layout_basic, minmay_temple_entry_glassed_door, kennysheep_flooded_box
D:7:      layout_loops_corners, lemuel_tele_altar, nicolae_stop_n_shop_1,
          uniq_duvessa
D:8:      layout_loops_ring, enter_bailey_3, kennysheep_generic_room_7,
          uniq_joseph

Skill      XL: |  1  2  3  4  5  6  7  8 |
---------------+-------------------------+-----
Axes           | 3 4 5 6 7 8 |  8.8
Armour         | 1 2 3 |  3.1
Fighting       | 4 5 6 |  6.2
Throwing       | 1 |  1.4
Spellcasting   | |  1.0
Fire Magic     | |  3.0

Action                     |  1- 3 |  4- 6 |  7- 9 || total
---------------------------+-------+-------+-------++-------
  Melee: Hand axe          |   153 |   182 |       ||   335
         Punch             |     1 |     2 |     1 ||     4
         War axe           |       |    24 |   115 ||   139
  Throw: Boomerang         |       |    13 |    32 ||    45
 Invoke: Fiery Armour      |     1 |     1 |     3 ||     5
    Use: Scroll            |     3 |     6 |     2 ||    11
         Potion            |       |     2 |     3 ||     5
   Stab: Distracted        |       |       |     1 ||     1
 Armour: Robe              |    53 |       |       ||    53
         Leather armour    |    16 |     5 |       ||    21
         Scale mail        |       |    92 |    32 ||   124
         Chain mail        |       |       |    43 ||    43
  Dodge: Dodged            |    92 |    84 |    53 ||   229

Table legend:
 A = Non-vault XP
 B = Vault XP
 C = Vault XP percentage of total XP
 D = Non-vault monster count
 E = Vault monster count
 F = Vault count percentage of total count
                 A         B        C        D         E       F
            +---------+---------+-------+---------+---------+-------
      Total |    1842 |     434 |  19.1 |     107 |      19 |  15.1
            +---------+---------+-------+---------+---------+-------
        D:1 |      44 |       0 |   0.0 |      27 |       0 |   0.0
        D:2 |      69 |       6 |   8.0 |      17 |       6 |  26.1
        D:3 |      31 |       0 |   0.0 |      15 |       0 |   0.0
        D:4 |     215 |       0 |   0.0 |      19 |       0 |   0.0
        D:5 |     450 |     428 |  48.7 |       5 |      13 |  72.2
        D:6 |     900 |       0 |   0.0 |      23 |       0 |   0.0
        D:7 |     133 |       0 |   0.0 |       1 |       0 |   0.0
            +---------+---------+-------+---------+---------+-------
